Map: Sanctuary III LE

Players

Lambo - Winner!

  • Race: Zerg Zerg
  • Spawn Location: 7:00

Mixu

  • Race: Zerg Zerg
  • League: Grandmaster
  • Spawn Location: 1:00

VOD

Have the link to the VOD?

Description

Time

  • Played on: July 4, 2026, 12:13 p.m.
  • Length: 6:44
Show
View Real Time Build Order
Export as new Build Order

Lambo Zerg - Winner!

Build Orders: Hatch First 

Get SALT Encoding   

  8  0:00  Drone  
  9  0:10  Drone  
  10  0:16  Drone  
  11  0:22  Drone  
  12  0:32  Overlord  
  12  0:39  Extractor, Drone  
  13  0:50  Drone  
  13  0:51  Drone  
  15  1:10  Hatchery  
  14  1:15  Drone  
  14  1:18  Drone  
  16  1:23  Drone  
  17  1:36  Spawning Pool  
  17  1:39  Drone  
  17  1:41  Extractor  
  17  1:44  Drone  
  17  1:50  Drone  
  18  1:59  Drone  
  19  2:10  Overlord  
  19  2:19  Drone  
  20  2:22  Queen  
  20  2:23  Queen  
  20  2:28  Drone  
  25  2:30  Zergling x2  
  25  2:34  Drone  
  27  2:40  Overlord  
  27  2:43  Drone  
  28  2:50  Drone  
  29  2:52  Drone  
  30  2:58  Queen  
  30  3:01  Drone  
  30  3:03  Drone  
  34  3:10  Overlord  
  34  3:13  Drone  
  34  3:19  Drone  
  36  3:23  Drone  
  36  3:26  Lair  
  36  3:31  Evolution Chamber  
  36  3:32  Drone x3  
  38  3:35  Drone x2  
  38  3:37  Drone  
  41  3:43  Drone x2  
  43  3:48  Roach Warren  
  43  3:50  Drone  
  43  3:54  Overlord  
  43  3:59  Extractor x2  
  43  4:00  Zerg Missile Weapons Level 1  
  43  4:02  Drone  
  42  4:04  Drone  
  42  4:07  Evolution Chamber  
  42  4:09  Drone  
  44  4:10  Drone  
  44  4:14  Overlord  
  44  4:16  Drone  
  45  4:17  Drone  
  45  4:20  Extractor, Drone x2  
  45  4:24  Drone  
  48  4:25  Overseer  
  48  4:27  Overlord  
  48  4:30  Glial Reconstitution  
  48  4:41  Drone x2  
  48  4:42  Drone  
  48  4:43  Overlord  
  48  4:44  Zerg Ground Armor Level 1  
  51  4:47  Roach  
  51  4:52  Roach x2  
  57  5:00  Roach x2  
  61  5:07  Hatchery  
  61  5:10  Roach  
  62  5:14  Overlord  
  62  5:18  Roach x2  
  66  5:21  Roach  
  66  5:28  Overlord  
  68  5:30  Roach x2  
  68  5:33  Overlord  
  72  5:39  Roach x3  
  72  5:42  Roach  
  76  5:44  Roach  
  76  5:48  Roach  
  80  5:50  Roach  
  80  5:52  Roach  
  80  5:53  Roach x3  
  80  5:57  Roach  
  91  6:02  Roach  
  89  6:08  Roach  
  87  6:12  Roach  
  87  6:17  Roach  
  91  6:23  Ravager  
Show
View Real Time Build Order
Export as new Build Order

Mixu Zerg 

Build Orders: Pool First 

Get SALT Encoding   

  8  0:00  Drone  
  9  0:11  Drone  
  10  0:17  Drone  
  11  0:22  Drone  
  12  0:33  Overlord  
  12  0:39  Extractor  
  12  0:40  Drone  
  13  0:52  Drone x2  
  15  1:01  Drone  
  16  1:09  Spawning Pool  
  15  1:11  Drone  
  16  1:22  Drone  
  17  1:36  Hatchery  
  16  1:40  Drone  
  16  1:42  Extractor  
  16  1:45  Drone  
  17  1:51  Drone  
  18  2:00  Queen  
  20  2:06  Overlord  
  20  2:25  Drone  
  20  2:26  Zergling x2  
  22  2:30  Drone  
  22  2:35  Queen  
  25  2:40  Drone  
  25  2:42  Metabolic Boost  
  26  2:49  Drone  
  27  2:53  Drone  
  27  2:58  Drone  
  29  3:01  Drone  
  30  3:06  Evolution Chamber  
  30  3:08  Drone  
  30  3:09  Overlord  
  30  3:11  Drone  
  31  3:14  Drone  
  32  3:28  Drone x3  
  32  3:30  Drone  
  32  3:33  Zerg Ground Armor Level 1  
  36  3:36  Drone  
  36  3:38  Drone  
  38  3:44  Overlord  
  38  3:46  Drone x2  
  40  3:50  Roach Warren  
  40  3:53  Drone  
  40  3:55  Extractor  
  39  3:57  Overlord  
  39  3:58  Drone  
  39  4:04  Drone  
  39  4:05  Drone x2  
  39  4:09  Overlord  
  42  4:12  Overlord  
  42  4:30  Roach x7  
  56  4:36  Zergling x2  
  57  4:42  Zergling x2  
  58  4:47  Zergling x2  
  58  4:52  Hatchery, Zergling x2  
  59  4:55  Extractor  
  59  4:56  Zergling x2  
  59  5:02  Zergling x2  
  59  5:06  Zergling x2  
  61  5:09  Ravager x2  
  61  5:10  Ravager  
  61  5:11  Zergling x4  
  66  5:15  Zergling x4  
  66  5:19  Overlord  
  66  5:20  Zergling x6  
  71  5:25  Ravager  
  71  5:26  Overlord  
  72  5:32  Overlord  
  71  5:38  Zergling x4  
  71  5:41  Zergling x6  
  74  5:47  Zergling x2  
  74  5:50  Ravager  
  74  5:53  Zergling x8  
  76  6:01  Zergling x2  
  67  6:04  Zergling x4  
  67  6:06  Zergling x2  
  67  6:10  Zergling x6  
  65  6:14  Zergling x2  
  65  6:18  Zergling x10  
  72  6:24  Zergling x2  
  72  6:26  Zergling x2  
Tags
 
Matchup
ZvZ
Player
LamboMixu
Race
Zerg
Replay Pack
hsc29
Spawn Locations
Cross Positions
Add a new tag
Caveats
  • Supply blocks, unpowered buildings, or Contaminate may cause inaccurate times.
  • Supply counts are checked every 10 seconds.